 Dungeon Crawl Stone Soup version 0.17-a0-589-gf3c920e (webtiles) character file.

86 sugabear the Shield-Bearer (level 4, -2/24 HPs)
             Began as a Vine Stalker Fighter on Apr 15, 2015.
             Slain by Grinder (5 damage)
             ... on level 2 of the Dungeon.
             The game lasted 00:02:40 (1220 turns).

sugabear the Shield-Bearer (Vine Stalker Fighter)   Turns: 1220, Time: 00:02:40

Health: -2/24      AC:  7    Str: 19    XL:     4   Next: 49%
Magic:  0/7        EV:  7    Int: 13    God:
Gold:   90         SH:  9    Dex: 14    Spells: 0 memorised, 6 levels left

rFire  . . .     SeeInvis .     a - +0 war axe
rCold  . . .     Clarity  .     b - +0 scale mail
rNeg   . . .     SustAb   .     c - +0 shield
rPois  .         Gourm    .     (no helmet)
rElec  .         Spirit   +     (no cloak)
rCorr  .         Warding  .     (no gloves)
rMut   .         Stasis   .     (no boots)
MR     .....                    (no amulet)
Stlth  ..........               (no ring)
                                k - +5 ring of intelligence

@: not resistant to hostile enchantments, extremely unstealthy
A: fangs 2, regeneration 1, shaggy fur 1, magic shield, antimagic bite, no
device heal 3, rot immunity
a: no special abilities


You were on level 2 of the Dungeon.
You were very hungry.

You visited 1 branch of the dungeon, and saw 3 of its levels.

You collected 90 gold pieces.

Inventory:

Hand weapons
 a - a +0 war axe (weapon)
Armour
 b - a +0 scale mail (worn)
 c - a +0 shield (worn)
Jewellery
 k - a +5 ring of intelligence (left hand)
Scrolls
 g - 3 scrolls of identify {unknown}
 h - a scroll of remove curse {unknown}
 i - a scroll of recharging {unknown}
 l - a scroll of fog {unknown}
 p - a scroll of teleportation {unknown}
 q - a scroll of enchant weapon {unknown}
Potions
 e - a potion of might
 f - a potion of agility {unknown}
 j - a potion of lignification {unknown}
 m - a potion of poison {unknown}
 n - 2 potions of ambrosia {unknown}
 o - a potion of curing {unknown}
Comestibles
 d - 2 bread rations


   Skills:
 + Level 3.1 Fighting
 + Level 2.1 Axes
 + Level 2.8 Armour
 + Level 0.1 Dodging
 + Level 3.2 Shields
 * Level 1.8 Spellcasting


You had 6 spell levels left.
You didn't know any spells.

Dungeon Overview and Level Annotations

Branches:
Dungeon (3/15)

Altars:

Annotations:
D:2 Grinder


Innate Abilities, Weirdness & Mutations

You have extremely sharp teeth.
Your natural rate of healing is unusually fast.
You are covered in fur (AC +1).
When hurt, damage is shared between your health and your magic reserves.
Your bite disrupts and absorbs the magic of your enemies.
Potions and wands cannot restore your health.
You are immune to rotting.


Message History

You barely miss Grinder. You bite Grinder.
Grinder's magic leaks into the air.
You drain his magic.
Grinder is heavily wounded.
Grinder hits you.
You writhe in agony.
You writhe in agony.
Grinder barely misses you.
You slash Grinder! Your bite misses Grinder.
Grinder is severely wounded.
Grinder hits you.
You writhe in agony.
The orc priest calls down the wrath of Beogh upon you.
Something smites you!
* * * LOW HITPOINT WARNING * * *
You are too injured to fight recklessly!
You are too injured to fight recklessly!
Unknown command.
Grinder gestures at you.
You struggle to resist.
You climb upwards.
There is a stone staircase leading down here.
Grinder hits you.
You die...

.......#..#####.......###########
..#..................##
.......#..#####.....##
..#....##.### #.....#
..#.........# #.....#
..#...##....# #.....#
########....#########
#........5># #........@.#
#....##....# #....####### ######


You could see Grinder.

Vanquished Creatures
  4 adders (D:2)
  An ooze (D:1)
  4 giant cockroaches
  4 goblins
  7 hobgoblins
  3 jackals (D:1)
  5 kobolds
  A quokka (D:3)
  6 bats
  A giant newt (D:1)
  5 rats
41 creatures vanquished.

Notes
Turn   | Place    | Note
--------------------------------------------------------------
     0 | D:1      | sugabear, the Vine Stalker Fighter, began the quest for the Orb.
     0 | D:1      | Reached XP level 1. HP: 11/11 MP: 2/2
   245 | D:1      | Reached XP level 2. HP: 16/16 MP: 4/4
   292 | D:1      | Reached skill level 1 in Spellcasting
   438 | D:1      | Reached XP level 3. HP: 17/19 MP: 3/5
   518 | D:1      | Reached skill level 3 in Fighting
   715 | D:2      | Reached XP level 4. HP: 21/24 MP: 5/7
  1113 | D:3      | Noticed Grinder
  1220 | D:2      | Slain by Grinder

Action                   |  1- 3 |  4- 6 || total
-------------------------+-------+-------++-------
Melee: War axe           |    75 |    39 ||   114
